 Dungeon Crawl Stone Soup version 0.29-a0-1033-gb6c65ffae6 (webtiles) character file.

Game seed: 1094375324858173807

7764 Newt the Cleaver (level 11, -2/74 (81) HPs)
             Began as a Demonspawn Gladiator on Aug 14, 2022.
             Was an Elder of Okawaru.
             Slain by a wight
             ... wielding a +0 great sword
             ... summoned by an orange crystal statue
              (16 damage)
             ... on level 9 of the Dungeon.
             The game lasted 00:32:34 (11100 turns).

Newt the Cleaver (Demonspawn Gladiator)            Turns: 11100, Time: 00:32:35

HP:   -2/74 (81)    AC: 11    Str: 17      XL:     11   Next: 1%
MP:   0/11          EV: 15    Int:  4 (9)  God:    Okawaru [****..]
Gold: 388           SH:  0    Dex: 24      Spells: 10/10 levels left

rFire   + . .      SeeInvis +   b - +0 battleaxe
rCold   . . .      Faith    .   (shield currently unavailable)
rNeg    . . .      Spirit   +   D - +4 robe of the Dwarven Hall {rPois Dex+5}
rPois   +          Reflect  .   c - +0 helmet
rElec   .          Harm     .   (no cloak)
rCorr   .          Rampage  .   (no gloves)
Will    .....                   (boots unavailable)
Stlth   ++++......              G - amulet of guardian spirit
HPRegen 0.22/turn               v - ring of see invisible
MPRegen 0.12/turn               f - +4 ring of protection

@: drained
A: hooves 3, powered by pain 1, demonic magic 3, camouflage 1, agile 1, fire
resistance 1
a: Renounce Religion, Heroism, Finesse


You were on level 9 of the Dungeon.
You worshipped Okawaru.
Okawaru was greatly pleased with you.
You visited 2 branches of the dungeon, and saw 10 of its levels.

You collected 388 gold pieces.

Inventory:

Hand Weapons
 a - the +1 arbalest of Impatience {venom, Dex+7}
   (You found it on level 8 of the Dungeon)

   Any ammunition fired from it poisons the flesh of those it strikes.
   Dex:       It affects your dexterity (+7).
 b - a +0 battleaxe (weapon)
 u - a +0 rapier
 B - a +2 dagger of venom
 F - a +0 vorpal hand axe
 M - a +0 sling
 O - a +0 flail
 P - a +0 flail
Missiles
 d - 2 throwing nets (quivered)
 e - 3 javelins
 Q - 6 boomerangs
 U - 6 silver javelins
Armour
 c - a +0 helmet (worn)
 q - a +0 leather armour
 x - a +0 scale mail
 D - the +4 robe of the Dwarven Hall (worn) {rPois Dex+5}
   (You found it on level 6 of the Dungeon)

   Dex:       It affects your dexterity (+5).
   rPois:     It protects you from poison.
 J - +0 steam dragon scales
 L - +0 swamp dragon scales
 R - a +2 robe of cold resistance
 S - a +0 troll leather armour
Jewellery
 f - a +4 ring of protection (right hand)
 r - a ring of fire
 v - a ring of see invisible (left hand)
 G - an amulet of guardian spirit (around neck)
Wands
 w - a wand of paralysis (26)
 I - a wand of digging (6)
 T - a wand of iceblast (4)
 V - a wand of flame (8)
Scrolls
 g - a scroll of poison
 l - a scroll of amnesia {unknown}
 p - 2 scrolls of vulnerability {unknown}
 s - a scroll of teleportation
 y - a scroll of brand weapon {unknown}
 A - 2 scrolls of enchant armour {unknown}
 E - a scroll of noise {unknown}
 H - a scroll of enchant weapon {unknown}
 N - 2 scrolls of fear {unknown}
Potions
 h - 4 potions of magic
 i - 3 potions of attraction
 k - 3 potions of might
 m - 3 potions of mutation
 n - a potion of cancellation
 o - 2 potions of brilliance
 t - 3 potions of flight
 z - a potion of curing
 C - a potion of invisibility {unknown}
 K - a potion of lignification {unknown}


   Skills:
 - Level 6.0 Fighting
 - Level 4.0 Short Blades
 - Level 8.0 Axes
 - Level 6.0 Ranged Weapons
 + Level 6.8 Throwing
 - Level 4.0 Armour
 - Level 4.0 Dodging
 - Level 2.0 Stealth
 - Level 6.0 Evocations


You had 10 spell levels left.
You didn't know any spells.
Your spell library contained the following spells:

 Spells                   Type           Power      Damage    Failure   Level
 Necrotise                Necr           0%         1d4       50%         1
 Confusing Touch          Hex            0%         N/A       86%         3
 Conjure Flame            Conj/Fire      0%         6-21      86%         3
 Dazzling Flash           Conj/Hex       0%         N/A       86%         3
 Ignite Poison            Fire/Tmut/Pois 0%         N/A       86%         3
 Vampiric Draining        Necr           0%         2d6       86%         3
 Iskenderun's Mystic Bla  Conj/Tloc      0%         2d3       99%         4
 Sticky Flame             Conj/Fire      0%         2d3       99%         4
 Agony                    Necr           0%         N/A       100%        5
 Yara's Violent Unravell  Hex/Tmut       0%         3d3       100%        5
 Starburst                Conj/Fire      0%         6d3       100%        6
 Enfeeble                 Hex            0%         N/A       100%        7


Dungeon Overview and Level Annotations

Branches:
Dungeon (9/15)             Temple (1/1) D:6
   Lair: D:8-11         Orc: D:9-12

Altars:
Ashenzari
Fedhas
Gozag
Hepliaklqana
Makhleb
Okawaru
Ru
Xom
Yredelemnul

Shops:
D:1 (

Annotations:
D:6 3 runed translucent doors, pigah's ghost, novice OpAE
D:9 4 runed translucent doors, exclusion: orange crystal statue, wingedge's ghost, novice DgCj


Innate Abilities, Weirdness & Mutations

You have hooves in place of feet.
You sometimes gain a little power by taking damage.
Spells you cast and wands you use may paralyse nearby enemies.
Your skin changes colour to match your surroundings (Stealth+).
You are agile. (Dex +4, Str/Int -1)
Your flesh is heat resistant. (rF+)


Message History

There is an open door here.
The +1 arbalest of Impatience {venom, Dex+7} stops dripping with poison.
b - a +0 battleaxe (weapon)
You barely miss the wight. You kick the wight.
The wight is lightly damaged.
You barely miss the wight.
The wight hits you with a +0 great sword!
* * * LOW HITPOINT WARNING * * *
You focus on the pain.
You feel agile all of a sudden.
You feel drained.
* * * LOW HITPOINT WARNING * * *
The wight barely misses you. The wight closely misses you.
The wight misses you.
You slash the wight!
You destroy the wight!
The wight dissolves into shadows!
You hit the wight but do no damage. You slash the bullfrog!
The bullfrog misses you. The bullfrog closely misses you.
The wight barely misses you.
Unknown command.
You barely miss the wight. Your kick misses the wight.
You barely miss the wight. You slash the bullfrog!
You kill the bullfrog!
The bullfrog's corpse dissolves into shadows!
The wight misses you.
The wight hits you with a +0 great sword!
* * * LOW HITPOINT WARNING * * *
Okay, then.
It was a potion of brilliance.
You feel clever all of a sudden. The wight completely misses you.
The wight misses you.
It was a potion of cancellation.
Your magical effects are unravelling.
You feel magically purged.
You feel a little less clever now.
You feel a little less agile now.
Your resistance to elements expires.
The wight misses you. x2
It was a potion of curing.
You feel better. The wight closely misses you.
The wight hits you with a +0 great sword!
You die...

#...[..#'#...##
#.......... #
##.#.......
#### #.
#.######## #...
'.. #.######
#...
#...###.#....#
#...
#.......#....#
####
#......z#....#
#......z@....#
........#....+
........#....#
........#....#
.########....#
...... ....##.
....#


You could see 2 wights.

Vanquished Creatures
  3 two-headed ogres (D:8)
  Erica (D:8)
  Pikel (D:6)
  Maurice (D:9)
  Maggie (D:7)
  2 trolls (D:9)
  A steam dragon (D:7)
  3 water moccasins
  3 orc warriors
  A black bear (D:7)
  An ice beast (D:8)
  2 ogres
  3 centaurs
  A phantom (D:5)
  A lemure (D:7)
  5 bullfrogs
  3 kobold brigands
  2 necrophages
  7 scorpions
  8 wights
  3 howler monkeys
  A jelly (D:4)
  4 orc priests
  Crazy Yiuf (D:7)
  5 hounds
  Jessica (D:3)
  4 iguanas
  Terence (D:3)
  10 orc wizards
  11 adders
  A shadow imp (D:5)
  2 white imps (D:5)
  An ufetubus (D:6)
  3 worms
  5 dart slugs
  32 orcs
  10 ball pythons
  11 endoplasms
  3 giant cockroaches
  4 goblins
  5 hobgoblins
  4 jackals
  17 kobolds
  8 quokkas
  6 bats
  8 frilled lizards
  4 rats
215 creatures vanquished.

Vanquished Creatures (others)
  2 demonic plants (D:2)
  A fungus (D:2)
  9 plants
  3 withered plants (D:2)
15 creatures vanquished.

Grand Total: 230 creatures vanquished

Notes
Turn   | Place    | Note
-------+----------+-------------------------------------------
     0 | D:1      | Newt the Demonspawn Gladiator began the quest for the Orb.
     0 | D:1      | Reached XP level 1. HP: 16/16 MP: 1/1
    33 | D:1      | Found Joeler's Weapon Boutique.
   217 | D:1      | Reached skill level 1 in Stealth
   332 | D:1      | Gained mutation: You have large cloven feet. [demonic
                  | ancestry]
   332 | D:1      | Reached XP level 2. HP: 17/22 MP: 2/2
  1413 | D:2      | Reached XP level 3. HP: 21/27 MP: 3/3
  1543 | D:2      | Found a faded altar of an unknown god.
  1599 | D:2      | Found a hazy altar of Hepliaklqana.
  2557 | D:3      | Noticed Jessica
  2562 | D:3      | Reached XP level 4. HP: 24/33 MP: 4/4
  2667 | D:3      | Killed Jessica
  2804 | D:3      | Found a burning altar of Makhleb.
  2995 | D:3      | Gained mutation: Spells you cast may paralyse adjacent
                  | enemies. [demonic ancestry]
  2995 | D:3      | Reached XP level 5. HP: 38/38 MP: 5/5
  3173 | D:3      | Noticed Terence
  3192 | D:3      | Killed Terence
  4282 | D:4      | Gained mutation: You have hoof-like feet. [demonic
                  | ancestry]
  4282 | D:4      | Reached XP level 6. HP: 39/47 MP: 6/6
  4412 | D:5      | Entered Level 5 of the Dungeon
  4443 | D:4      | Reached skill level 1 in Evocations
  4539 | D:5      | Reached XP level 7. HP: 54/54 MP: 7/7
  5007 | D:5      | Reached skill level 1 in Axes
  5029 | D:5      | Reached skill level 2 in Axes
  5161 | D:5      | Reached skill level 3 in Axes
  5161 | D:5      | Gained mutation: You have hooves in place of feet. [demonic
                  | ancestry]
  5161 | D:5      | Reached XP level 8. HP: 33/60 MP: 8/8
  5606 | D:5      | HP: 3/60 [poisoned by a water moccasin]
  6233 | D:5      | Reached skill level 4 in Axes
  6470 | D:6      | Found a runed translucent gate.
  6470 | D:6      | Found a runed translucent gate.
  6470 | D:6      | Found a runed translucent gate.
  6470 | D:6      | Noticed a troll
  6471 | D:6      | Noticed pigah's ghost (novice OpAE)
  6537 | D:6      | Identified the +4 robe of the Dwarven Hall {rPois Dex+5}
  6624 | D:5      | Reached skill level 5 in Axes
  7062 | D:6      | Found a staircase to the Ecumenical Temple.
  7071 | D:6      | Reached skill level 6 in Axes
  7092 | Temple   | Entered the Ecumenical Temple
  7250 | Temple   | Became a worshipper of Warmaster Okawaru
  7323 | D:6      | Reached skill level 5 in Throwing
  8042 | D:7      | Gained mutation: Spells you cast may paralyse nearby
                  | enemies. [demonic ancestry]
  8042 | D:7      | Reached XP level 9. HP: 65/65 MP: 9/9
  8138 | D:7      | Noticed Pikel
  8157 | D:6      | Killed Pikel
  8157 | D:6      | Reached * piety under Okawaru
  8158 | D:6      | Reached skill level 5 in Fighting
  8594 | D:7      | Noticed a komodo dragon
  8679 | D:7      | Reached skill level 1 in Ranged Weapons
  8996 | D:7      | Noticed Maggie
  9014 | D:7      | Killed Maggie
  9015 | D:7      | Reached skill level 5 in Evocations
  9019 | D:7      | Reached ** piety under Okawaru
  9130 | D:7      | Found a runed translucent door.
  9131 | D:7      | Noticed Crazy Yiuf
  9183 | D:7      | Killed Crazy Yiuf
  9259 | D:7      | Gained mutation: Your skin changes colour to match your
                  | surroundings (Stealth+). [potion of mutation]
  9259 | D:7      | Gained mutation: Your flesh is heat resistant. (rF+)
                  | [potion of mutation]
  9259 | D:7      | Gained mutation: You are agile. (Dex +4, Str/Int -1)
                  | [potion of mutation]
  9364 | D:8      | Identified the +1 arbalest of Impatience {venom, Dex+7}
  9406 | D:8      | Noticed a two-headed ogre
  9408 | D:8      | Noticed a two-headed ogre
  9415 | D:8      | Killed a two-headed ogre
  9416 | D:8      | Reached skill level 7 in Axes
  9416 | D:8      | Gained mutation: You sometimes gain a little power by
                  | taking damage. [demonic ancestry]
  9416 | D:8      | Reached XP level 10. HP: 39/76 MP: 4/10
  9929 | D:8      | Noticed a two-headed ogre
  9940 | D:8      | Killed a two-headed ogre
  9940 | D:8      | Reached *** piety under Okawaru
  9940 | D:8      | Received a gift from Okawaru
  9941 | D:8      | Reached skill level 8 in Axes
  9982 | D:8      | Noticed Erica
  9987 | D:8      | Killed Erica
  9988 | D:8      | Reached skill level 5 in Ranged Weapons
 10201 | D:8      | Killed a two-headed ogre
 10686 | D:9      | Found a runed translucent gate.
 10687 | D:9      | Found a runed translucent gate.
 10687 | D:9      | Noticed wingedge's ghost (novice DgCj)
 10700 | D:9      | Noticed a manticore
 10708 | D:9      | Found a runed translucent gate.
 10737 | D:9      | Reached **** piety under Okawaru
 10978 | D:9      | Found a runed translucent door.
 11012 | D:9      | Found a runed translucent door.
 11017 | D:9      | Noticed an orange crystal statue
 11022 | D:9      | Noticed Maurice
 11027 | D:9      | Killed Maurice
 11027 | D:9      | Received a gift from Okawaru
 11028 | D:9      | Gained mutation: Spells you cast and wands you use may
                  | paralyse nearby enemies. [demonic ancestry]
 11028 | D:9      | Reached XP level 11. HP: 78/81 MP: 9/11
 11040 | D:9      | Found a runed translucent door.
 11097 | D:9      | HP: 3/74 [wight/+0 great sword[an orange crystal statue]
                  | (12)]
 11100 | D:9      | Slain by a wight

Illustrated notes

Levels and vault maps discovered:
D:1:      saegor_arrival_simple_b, layout_loops_corners, serial_shops, shop
D:2:      layout_basic, basic_altar, shapermc_ecumenical_altar_gd
D:3:      layout_rooms, bloody_makhleb, uniq_terence, uniq_jessica
D:4:      layout_gridville, kennysheep_generic_room_2
D:5:      kennysheep_six_static_rooms, layout_basic,
          cheibrodos_sewer_entry_bend, amcnicky_mini_pool_small
D:6:      layout_basic, minmay_temple_entry_proselytizer, gammafunk_ghost_split,
          serial_corexii_hall, chequers_hall_statues_y, corexii_hall_statues_i
D:7:      layout_rooms, lemuel_mausoleum_altar_kikubaaqudgha,
          minmay_lizard_king, uniq_pikel, uniq_maggie, uniq_crazy_yiuf_cottage
D:8:      layout_basic, serial_corexii_hall, chequers_hall_statues_corner_a,
          corexii_hall_statues_t, chequers_hall_statues_corner_a,
          corexii_hall_statues_x, chequers_decorated_corner, uniq_erica
D:9:      layout_stronghold, lair_entry_dummy, gammafunk_ghost_split,
          st_stairs_13, minmay_statue_crystal_thing, uniq_grum, uniq_psyche,
          uniq_maurice
Temple:   mainiacjoe_temple_big_plus

Skill      XL: |  1  2  3  4  5  6  7  8  9 10 |
---------------+-------------------------------+-----
Stealth        | 1 2 |  2.0
Short Blades   | 3 4 |  4.0
Throwing       | 3 4 5 6 |  6.8
Fighting       | 3 4 6 |  6.0
Evocations     | 3 4 6 |  6.0
Dodging        | 4 |  4.0
Axes           | 3 6 7 8 |  8.0
Armour         | 2 4 |  4.0
Ranged Weapons | 2 6 |  6.0

Action                   |  1- 3 |  4- 6 |  7- 9 | 10-12 || total
-------------------------+-------+-------+-------+-------++-------
Melee: Rapier            |   121 |       |       |       ||   121
       Kick              |    18 |    33 |   107 |     9 ||   167
       Dagger            |       |    87 |   235 |       ||   322
       Punch             |       |     1 |     2 |       ||     3
       Battleaxe         |       |       |    80 |    26 ||   106
 Fire: Sling             |    13 |   109 |    60 |       ||   182
       Arbalest          |       |       |     2 |   105 ||   107
Throw: Throwing net      |       |       |       |     1 ||     1
Evoke: Wand              |       |       |     5 |     2 ||     7
  Use: Scroll            |     4 |     1 |     4 |       ||     9
       Potion            |       |       |     1 |     5 ||     6
 Stab: Sleeping          |     5 |     1 |     3 |       ||     9
       Paralysed         |       |       |     6 |       ||     6
Armor: Leather armour    |    42 |    33 |    45 |       ||   120
       Robe              |       |       |    67 |    22 ||    89
Dodge: Dodged            |    85 |    73 |   190 |    96 ||   444

Table legend: (Time is in decaauts)
 A = Elapsed time spent in this place.
 B = Non-inter-level travel time spent in this place.
 C = Inter-level travel time spent in this place.
 D = Time resting spent in this place.
 E = Time spent auto-exploring this place.
 F = Levels seen in this place.
 G = Mean time per level.
                   A        B        C        D        E       F      G
               +--------+--------+--------+--------+--------+-----+--------+
         Total |  11185 |  10906 |    279 |   2756 |   5187 |  10 | 1118.5 |
       Dungeon |  11004 |  10757 |    247 |   2756 |   5043 |   9 | 1222.7 |
        Temple |    181 |    149 |     32 |      0 |    144 |   1 |  181.0 |
               +--------+--------+--------+--------+--------+-----+--------+

Top non-repeatable levels by time:
     D:5: 1903 daAuts
     D:6: 1441 daAuts
     D:1: 1328 daAuts
     D:2: 1302 daAuts
     D:7: 1289 daAuts
     D:8: 1262 daAuts
     D:4: 1207 daAuts
     D:3: 691 daAuts
     D:9: 577 daAuts
  Temple: 181 daAuts
